 Dungeon Crawl Stone Soup version 0.30.0-15-g856e2d3f33 (webtiles) character file.

Game seed: 14680115217634832917

74 PhantomBowie the Trooper (level 4, -2/43 HPs)
             Began as a Gargoyle Berserker on May 18, 2023.
             Was a Believer of Trog.
             Slain by a gnoll
             ... wielding a +0 halberd
              (8 damage)
             ... on level 2 of the Dungeon.
             The game lasted 00:04:05 (897 turns).

PhantomBowie the Trooper (Gargoyle Berserker)        Turns: 897, Time: 00:04:06

Health: -2/43      AC: 10    Str: 22    XL:     4   Next: 28%
Magic:  4/4        EV: 11    Int:  8    God:    Trog [**....]
Gold:   18         SH:  0    Dex:  9    Spells: 3/3 levels left

rFire   . . .        a - +0 mace
rCold   . . .        (no shield)
rNeg    + . .        b - +0 ring mail
rPois   ∞            (no helmet)
rElec   +            (no cloak)
rCorr   .            d - +0 pair of gloves
SInv    .            (no boots)
Will    .....        (no amulet) Stlth
                     (no ring)
HPRegen 0.27/turn    (no ring)
MPRegen 0.09/turn

%: no passive effects
@: berserking, very quick
A: sickness immunity, AC +3, negative energy resistance 1, electricity
resistance, torment resistance 1, petrification resistance
a: Renounce Religion, Berserk, Trog's Hand


You were on level 2 of the Dungeon.
You worshipped Trog.
Trog was pleased with you.
You visited 1 branch of the dungeon, and saw 2 of its levels.

You collected 18 gold pieces.

Inventory:

Hand Weapons
 a - a +0 mace (weapon)
Armour
 b - a +0 ring mail (worn)
 d - a +0 pair of gloves (worn)
Scrolls
 g - a scroll of enchant armour {unknown}
 h - a scroll of identify {unknown}
Potions
 c - a potion of berserk rage {unknown}
 e - a potion of mutation {unknown}
 f - 2 potions of attraction {unknown}


   Skills:
 + Level 4.0 Fighting
 + Level 3.5 Maces & Flails
 + Level 3.1 Armour
 + Level 2.2 Dodging


You had 3 spell levels left.
You didn't know any spells.
Your spell library was empty.

Dungeon Overview and Level Annotations

Branches:
Dungeon (2/15)

Altars:


Innate Abilities, Weirdness & Mutations

You are immune to sickness and miasma.
Your stone body is resilient. (AC +3)
You are immune to poison.
You resist negative energy. (rN+)
You are resistant to electric shocks. (rElec)
You are resistant to unholy torment.
You are immune to petrification.


Message History

The endoplasm hits you but does no damage.
The endoplasm freezes you.
You are frozen.
The gnoll hits you with a +0 flail.
* * * LOW HITPOINT WARNING * * *
A red film seems to cover your vision as you go berserk!
You feel yourself moving faster!
You feel mighty! The bat closely misses you.
The gnoll hits you but does no damage. The endoplasm freezes you.
You are frozen.
* * * LOW HITPOINT WARNING * * *
The gnoll barely misses you.
You sock the endoplasm!
You kill the endoplasm!
Trog accepts your kill. The bat barely misses you.
You thump the gnoll!
You kill the gnoll!
Trog accepts your kill. The bat closely misses you.
The bat hits you but does no damage. The gnoll misses you.
The ball python bites you but does no damage.
The ball python completely misses you.
Your Armour skill increases to level 3!
You have reached level 4!
You feel clever.
You sock the ball python!
You kill the ball python!
Trog accepts your kill. The bat hits you but does no damage.
The gnoll hits you from afar with a +0 halberd.
* * * LOW HITPOINT WARNING * * *
You sock the gnoll!
You kill the gnoll!
Trog accepts your kill. The bat barely misses you. The gnoll barely misses you.
Your Fighting skill increases to level 4!
You closely miss the bat. The bat hits you.
* * * LOW HITPOINT WARNING * * *
The gnoll hits you from afar with a +0 halberd!
You die...

.... ..#.# #...
....### .#...
....... ......
.......
#...###..#....
.##....#........
?...............
......g#))##...
..#..#.†@##
.....#b..#
.........#
.....##..#
.........#######
..............#
..............#
..............#
..####........#


You could see a gnoll and a bat.

Vanquished Creatures
  An adder (D:2)
  2 gnolls (D:2)
  A worm (D:2)
  5 bats
  6 endoplasms
  2 giant cockroaches
  4 goblins (D:1)
  4 kobolds
  2 quokkas (D:2)
  5 ball pythons
  2 frilled lizards (D:1)
  4 rats (D:1)
38 creatures vanquished.

Notes
Turn   | Place    | Note
-------+----------+-------------------------------------------
     0 | D:1      | PhantomBowie the Gargoyle Berserker began the quest for the
                  | Orb.
     0 | D:1      | Reached XP level 1. HP: 14/14 MP: 1/1
   167 | D:1      | Reached XP level 2. HP: 18/19 MP: 2/2
   390 | D:1      | Reached ** piety under Trog
   444 | D:1      | Reached XP level 3. HP: 23/23 MP: 3/3
   895 | D:2      | Reached XP level 4. HP: 12/29 MP: 4/4
   897 | D:2      | Reached skill level 4 in Fighting
   897 | D:2      | Slain by a gnoll

Illustrated notes

Levels and vault maps discovered:
D:1:      minmay_arrival_jagged, layout_basic, minmay_misc_feat_rugged,
          nicolae_figureground_sparkle
D:2:      layout_rooms, shapermc_ecumenical_altar_ellora, basic_altar

Skill      XL: |  1  2  3  4 |
---------------+-------------+-----
Dodging        | 2 |  2.2
Armour         | 3 |  3.1
Fighting       | 4 |  4.0
Maces & Flails | |  3.5

Action                     |  1- 3 |  4- 6 || total
---------------------------+-------+-------++-------
  Melee: Mace              |   103 |     3 ||   106
 Invoke: Berserk           |     1 |       ||     1
 Armour: Ring mail         |    67 |     1 ||    68
  Dodge: Dodged            |    82 |     2 ||    84
